Map: Odyssey LE

Players

Skellis

  • Race: Terran Terran
  • League: Platinum
  • Spawn Location: 5:00

eXile - Winner!

  • Race: Zerg Zerg
  • League: Platinum
  • Spawn Location: 11:00

VOD

Have the link to the VOD?

Description

Time

  • Played on: May 29, 2017, 4:18 p.m.
  • Length: 14:03
Show
View Real Time Build Order
Export as new Build Order

Skellis Terran 

Build Orders: MMM Bio 

Get SALT Encoding   

  12  0:01  SCV  
  13  0:13  SCV  
  14  0:21  Supply Depot  
  14  0:25  SCV  
  15  0:43  SCV  
  15  0:46  Barracks  
  16  0:55  SCV  
  17  1:06  Barracks  
  17  1:07  SCV  
  17  1:08  Refinery  
  18  1:19  SCV  
  19  1:31  SCV  
  20  1:34  Marine  
  21  1:43  SCV  
  22  1:53  Bunker  
  22  1:54  Marine  
  22  1:57  Bunker  
  23  2:01  Barracks  
  23  2:12  SCV  
  23  2:23  Marine  
  22  2:33  Command Center  
  22  2:40  Bunker  
  22  2:41  Marine  
  23  2:49  Bunker  
  22  3:06  Marine  
  22  3:07  Orbital Command  
  23  3:14  Barracks  
  23  3:18  Factory  
  23  3:38  Supply Depot  
  23  3:44  SCV, Marine  
  23  3:45  Orbital Command  
  25  3:58  Barracks  
  25  3:59  SCV  
  26  4:03  Widow Mine  
  26  4:07  Marine  
  29  4:13  Refinery  
  29  4:16  Marine  
  30  4:24  Marine  
  30  4:29  Starport  
  31  4:36  Orbital Command  
  31  4:41  Bunker  
  31  4:46  Marine x2  
  33  4:55  SCV  
  33  4:58  Factory Reactor  
  34  5:02  Marine  
  34  5:04  Engineering Bay, Marine  
  36  5:07  SCV  
  36  5:08  SCV  
  36  5:12  Starport Reactor  
  38  5:20  SCV x2  
  40  5:30  Barracks Tech Lab  
  40  5:32  SCV x2, Terran Infantry Weapons Level 1  
  42  5:40  Missile Turret  
  42  5:44  SCV x2  
  42  5:45  Marine, Barracks Tech Lab  
  45  5:52  Widow Mine x2  
  45  5:53  Medivac  
  45  5:56  SCV  
  52  6:03  Missile Turret, Marine  
  53  6:21  Supply Depot  
  53  6:27  Medivac  
  54  6:33  Combat Shields  
  54  6:36  Refinery  
  54  6:38  Refinery  
  54  6:42  SCV, Medivac  
  54  6:44  Command Center  
  57  6:54  SCV  
  57  6:56  Marine x3  
  57  6:58  Stimpack  
  61  7:07  SCV  
  62  7:14  Supply Depot  
  62  7:35  Marine x2, Widow Mine x2  
  68  7:45  Marine x2  
  70  7:56  SCV, Marauder, Medivac  
  75  8:02  Terran Infantry Armor Level 1, Marine  
  75  8:03  Marine  
  75  8:04  Widow Mine x2  
  81  8:06  SCV  
  81  8:08  SCV  
  83  8:17  Marauder  
  85  8:41  Marine, Widow Mine  
  85  8:42  SCV x2, Marauder  
  92  8:53  Planetary Fortress  
  92  8:54  SCV  
  93  8:59  Concussive Shells  
  93  9:02  SCV, Widow Mine  
  90  9:03  Marauder  
  90  9:06  SCV  
  90  9:09  Widow Mine  
  74  9:10  Marine  
  74  9:14  SCV  
  74  9:15  Missile Turret  
  74  9:16  Missile Turret  
  78  9:18  SCV  
  79  9:25  Marauder  
  79  9:26  SCV, Marine x3  
  79  9:28  Marine  
  79  9:30  SCV, Widow Mine  
  87  9:38  SCV, Widow Mine  
  86  9:42  SCV  
  86  9:43  Marine  
  86  9:44  Marine x2  
  92  9:45  Marine  
  92  9:46  Marine  
  92  9:48  Viking  
  92  9:49  Medivac  
  93  9:52  SCV  
  90  10:01  SCV, Marine  
  90  10:02  Marine  
  93  10:08  Command Center  
  93  10:10  Marine x3  
  93  10:13  SCV, Supply Depot  
  97  10:17  Armory  
  97  10:18  Medivac  
  97  10:19  Marine  
  97  10:20  Marine  
  101  10:34  SCV, Marine x3  
  105  10:36  Supply Depot  
  105  10:37  Marine x2  
  105  10:43  Widow Mine x2  
  105  10:49  Missile Turret  
  109  10:57  Marine x3  
  109  10:58  Missile Turret  
  109  11:00  Supply Depot  
  109  11:04  Terran Infantry Weapons Level 2  
  112  11:12  Widow Mine  
  106  11:23  Supply Depot  
  81  11:41  Marine x2  
  81  11:42  Marine x2  
  81  11:51  Medivac x2  
  81  11:52  Widow Mine  
  81  11:53  Widow Mine  
  89  11:54  Command Center  
  89  11:56  Terran Vehicle Weapons Level 1  
  89  11:59  Marine x4  
  93  12:05  Refinery x2  
  93  12:08  Marine, Engineering Bay  
  93  12:13  Supply Depot  
  93  12:14  SCV  
  95  12:17  Marine x4  
  95  12:18  SCV  
  95  12:21  Widow Mine  
  95  12:22  Widow Mine  
  104  12:26  SCV, Marauder  
  107  12:30  SCV  
  107  12:34  Marine  
  107  12:35  Marine x3  
  112  12:39  Medivac x2  
  116  12:52  Marine  
  116  12:53  Marine x3  
  116  13:09  Medivac  
  116  13:11  Marine  
  99  13:32  Marine  
Show
View Real Time Build Order
Export as new Build Order

eXile Zerg - Winner!

Build Orders: Hatch First 

Get SALT Encoding   

  12  0:01  Drone  
  13  0:14  Overlord  
  13  0:18  Drone  
  14  0:34  Drone x2  
  16  0:38  Drone  
  17  0:54  Hatchery  
  16  0:58  Drone  
  17  1:15  Extractor  
  17  1:16  Drone  
  17  1:19  Spawning Pool  
  16  1:44  Drone  
  16  1:45  Drone x2  
  19  2:08  Zergling x4  
  21  2:28  Zergling x2  
  21  2:29  Zergling x2  
  23  2:35  Metabolic Boost  
  23  2:36  Queen  
  25  2:37  Queen  
  27  3:02  Drone  
  27  3:03  Overlord x2  
  28  3:22  Drone x3  
  28  3:26  Hatchery  
  30  3:31  Drone  
  30  3:32  Drone  
  32  3:44  Baneling Nest, Drone x3  
  34  3:51  Zergling x6  
  34  3:52  Zergling x2  
  38  4:05  Overlord  
  38  4:16  Drone x2  
  38  4:17  Drone x2  
  42  4:21  Lair, Extractor  
  42  4:23  Extractor x2  
  39  4:26  Pneumatized Carapace  
  39  4:43  Drone x7  
  39  4:44  Drone x2  
  48  4:55  Drone x2  
  48  4:57  Overlord x2  
  50  5:08  Overlord  
  50  5:23  Spire  
  50  5:24  Drone x5  
  50  5:25  Drone x3  
  57  5:32  Queen  
  59  5:46  Extractor  
  59  5:47  Drone x5, Extractor  
  59  5:48  Drone x3  
  65  5:58  Overseer  
  65  5:59  Overlord x2  
  65  6:19  Spore Crawler  
  63  6:28  Roach Warren  
  57  6:42  Queen  
  59  7:02  Drone x14  
  59  7:03  Drone  
  59  7:06  Evolution Chamber  
  59  7:07  Evolution Chamber  
  72  7:10  Overlord x3  
  72  7:11  Overlord  
  72  7:26  Zerg Flyer Armor Level 1  
  72  7:27  Mutalisk x3  
  72  7:28  Mutalisk x5  
  88  7:33  Zerg Missile Weapons Level 1  
  88  7:35  Zerg Ground Armor Level 1  
  88  7:44  Roach  
  88  7:45  Roach x8  
  88  7:46  Roach  
  88  7:47  Overlord  
  108  7:59  Overseer  
  108  8:07  Mutalisk x3  
  108  8:08  Mutalisk x2  
  108  8:09  Mutalisk  
  108  8:11  Mutalisk  
  121  8:37  Overlord x3  
  121  8:38  Overlord x2  
  121  9:13  Roach x5  
  121  9:14  Roach x8  
  121  9:15  Roach  
  149  9:19  Glial Reconstitution  
  149  9:20  Infestation Pit  
  142  9:47  Roach x3  
  142  9:48  Roach x2  
  142  10:03  Ravager x3  
  142  10:04  Ravager x7  
  142  10:05  Ravager x5  
  155  10:21  Zerg Missile Weapons Level 2  
  155  10:27  Zerg Ground Armor Level 2  
  154  10:49  Hatchery  
  153  10:50  Overseer x2  
  153  11:04  Hatchery  
  103  11:40  Zergling x2, Roach x3  
  103  11:41  Roach x8  
  103  11:42  Roach x8  
  103  11:43  Roach  
  141  12:04  Overlord x6  
  141  12:05  Drone  
  141  12:06  Drone x13  
  141  12:08  Queen  
  157  12:16  Queen  
  157  12:21  Overlord x3  
  158  12:52  Queen  
  154  13:36  Roach x2  
  154  13:37  Roach x9  
  154  13:38  Roach x12  
Tags
 
Composition
MMM Bio
Matchup
TvZ
Spawn Locations
Cross Positions
Add a new tag
Caveats
  • Supply blocks, unpowered buildings, or Contaminate may cause inaccurate times.
  • Supply counts are checked every 10 seconds.